 Dungeon Crawl Stone Soup version 0.25-a0-1002-gbcf8c60d55 (webtiles) character file.

Game seed: 9362157884456810837, levelgen mode: deterministic

14 Chiseanne the Skirmisher (level 2, -1/25 HPs)
             Began as a Demonspawn Wanderer on May 11, 2020.
             Slain by a goblin
             ... wielding a +0 club
              (3 damage)
             ... on level 1 of the Dungeon.
             The game lasted 00:00:48 (429 turns).

Chiseanne the Skirmisher (Demonspawn Wanderer)       Turns: 429, Time: 00:00:48

Health: -1/25      AC:  4    Str: 11    XL:     2   Next: 27%
Magic:  3/3        EV:  9    Int: 12    God:
Gold:   8          SH:  7    Dex: 14    Spells: 3/3 levels left

rFire    . . .     SeeInvis .   a - +0 spear
rCold    . . .     Gourm    .   c - +0 kite shield
rNeg     . . .     Faith    .   d - +0 robe
rPois    .         Spirit   .   (no helmet)
rElec    .         Reflect  .   (no cloak)
rCorr    .         Harm     .   (no gloves)
MR       .....                  (no boots)
Stlth    +.........             (no amulet)
HPRegen  0.08/turn              (no ring)
MPRegen  0.08/turn              (no ring)

@: no status effects
A: molten scales 1
a: no special abilities


You were on level 1 of the Dungeon.
You were not hungry.

You visited 1 branch of the dungeon, and saw 1 of its levels.

You collected 8 gold pieces.

Inventory:

Hand Weapons
 a - a +0 spear (weapon)
Armour
 c - a +0 kite shield (worn)
 d - a +0 robe (worn)
Potions
 b - a potion of lignification
Comestibles
 f - 2 rations
 g - 5 chunks of flesh


   Skills:
 * Level 4.2 Fighting
 - Level 1.0 Throwing
 * Level 1.4 Dodging
 * Level 1.4 Shields
 - Level 1.0 Spellcasting
   Level 1.0 Hexes
   Level 1.0 Poison Magic


You had 3 spell levels left.
You didn't know any spells.
Your spell library was empty.

Dungeon Overview and Level Annotations

Branches:
Dungeon (1/15)

Altars:


Innate Abilities, Weirdness & Mutations

You are partially covered in molten scales. (AC +2)


Message History

You closely miss the kobold.
The kobold is severely wounded.
The kobold hits you with a +0 short sword.
* * * LOW HITPOINT WARNING * * *
You miss the kobold.
The kobold is severely wounded.
The kobold hits you but does no damage. The kobold closely misses you.
You hit the kobold.
You kill the kobold!
You block the goblin's attack.
You hit the goblin.
The goblin is severely wounded.
The goblin hits you but does no damage.
You closely miss the goblin.
The goblin is severely wounded.
The goblin closely misses you.
You closely miss the goblin.
The goblin is severely wounded.
The goblin hits you with a +0 club.
You die...

#[#)$ .##........# #.....
#.#.##$$#........# #.....
................# #.....
#.....# #.......# #.....
#..(..# #.......# #.....
#.†...# #.......####.....
#..##.# #................
###.....########...........
#........g@..............##
#....#######'#######.....#
#....# #.# #.....# #....#
#.##### #.....# #....#
+.'...# #.....# #....#
#.###.# #.....# #..÷.# #.#
#.# #.....#
#....###+###.###'###..#####
#....+.......÷.....+......#


You could see a goblin.

Vanquished Creatures
  A dart slug (D:1)
  A leopard gecko (D:1)
  A giant cockroach (D:1)
  3 goblins (D:1)
  A hobgoblin (D:1)
  2 bats (D:1)
  A frilled lizard (D:1)
  A kobold (D:1)
  A rat (D:1)
12 creatures vanquished.

Notes
Turn   | Place    | Note
-------+----------+-------------------------------------------
     0 | D:1      | Chiseanne the Demonspawn Wanderer began the quest for the
                  | Orb.
     0 | D:1      | Chiseanne set off with the following items: a +0 spear, a
                  | potion of lignification, a +0 kite shield, a +0 robe, a
                  | ration
     0 | D:1      | Reached XP level 1. HP: 19/19 MP: 2/2
    47 | D:1      | Gained mutation: You are partially covered in molten
                  | scales. (AC +2) [demonic ancestry]
    47 | D:1      | Reached XP level 2. HP: 6/25 MP: 3/3
   429 | D:1      | Slain by a goblin

Illustrated notes

Levels and vault maps discovered:
D:1:      ebering_trefoil_3fold, layout_basic, minmay_fountain_box,
          minmay_door_square, minmay_tetromino_l2

Action                   || total
-------------------------++-------
Melee: Spear             ||    55
Armor: Robe              ||    14
Dodge: Dodged            ||    12
Block: Kite shield       ||    19

Table legend:
 A = Non-vault XP
 B = Vault XP
 C = Vault XP percentage of total XP
 D = Non-vault monster count
 E = Vault monster count
 F = Vault count percentage of total count
                 A         B        C        D         E       F
            +---------+---------+-------+---------+---------+-------
      Total |      17 |       3 |  15.0 |      11 |       1 |   8.3
            +---------+---------+-------+---------+---------+-------
        D:1 |      17 |       3 |  15.0 |      11 |       1 |   8.3
            +---------+---------+-------+---------+---------+-------
